 Dungeon Crawl Stone Soup version 0.29-a0-598-gd8304a5bf4 (webtiles) character file.

Game seed: 3270215248556965820

21435 Nietzsche the Basher (level 12, -48/89 HPs)
             Began as a Demonspawn Gladiator on June 15, 2022.
             Was an Initiate of Yredelemnul.
             Annihilated by an enormous slime creature (57 damage)
             ... on level 12 of the Dungeon on June 16, 2022.
             The game lasted 00:52:55 (12938 turns).

Nietzsche the Basher (Demonspawn Gladiator)        Turns: 12938, Time: 00:52:57

Health: -48/89     AC: 23    Str: 14    XL:     12   Next: 54%
Magic:  31/31      EV:  7    Int: 15    God:    Yredelemnul [......]
Gold:   707        SH:  0    Dex: 15    Spells: 24/24 levels left

rFire   + . .      SeeInvis .   U - +1 eveningstar
rCold   . . .      Faith    .   (no shield)
rNeg    . . .      Spirit   .   S - +0 chain mail
rPois   +          Reflect  .   (helmet restricted)
rElec   .          Harm     .   u - +1 cloak
rCorr   .          Rampage  .   (no gloves)
Will    .....                   c - +2 pair of boots
Stlth   ..........              R - amulet of regeneration
HPRegen 1.04/turn               q - ring of Reil {rPois rF+ AC+4}
MPRegen 0.22/turn               P - ring of magical power

@: no status effects
A: antennae 2, icy blue scales 1, foul stench 3, spiny 2
a: Renounce Religion, Recall Undead Harvest


You were on level 12 of the Dungeon.
You worshipped Yredelemnul.
Yredelemnul was noncommittal.
You visited 2 branches of the dungeon, and saw 14 of its levels.

You collected 782 gold pieces.
You spent 75 gold pieces at shops.

Inventory:

Hand Weapons
 a - a +3 battleaxe
 h - a +4 antimagic spear
 o - the +8 rapier "Ruaguc" {elec, rC- rN+ Will++}
   (You found it on level 2 of the Dungeon)

   It occasionally discharges a powerful burst of electricity upon striking a
   foe.
   rC:        It makes you vulnerable to cold.
   rN:        It protects you from negative energy.
   Will:      It greatly increases your willpower.
 t - a +3 quarterstaff of chaos
 B - a +2 falchion of flaming
 L - a +4 vorpal flail
 O - a +0 dire flail
 U - a +1 eveningstar (weapon)
Missiles
 f - 2 silver javelins (quivered)
Armour
 c - a +2 pair of boots (worn)
 k - a scarf of invisibility
 p - the +4 helmet of Koukaimi {rN+ Will+ Dex+2}
   (You found it on level 2 of the Dungeon)

   Dex:       It affects your dexterity (+2).
   rN:        It protects you from negative energy.
   Will:      It increases your willpower.
 u - a +1 cloak (worn)
 S - a +0 chain mail (worn)
Magical Staves
 M - a staff of earth
Jewellery
 q - the ring of Reil (left hand) {rPois rF+ AC+4}
   (You found it on level 2 of the Dungeon)

   [ring of protection]

   AC:        It affects your AC (+4).
   rF:        It protects you from fire.
   rPois:     It protects you from poison.
 D - an amulet of guardian spirit
 H - a ring of positive energy
 P - a ring of magical power (right hand)
 Q - a ring of resist corrosion
 R - an amulet of regeneration (around neck)
 T - an amulet of magic regeneration
 V - a ring of resist corrosion
 W - a ring of ice
Wands
 e - a wand of polymorph (4)
 g - a wand of digging (7)
 G - a wand of mindburst (11)
 J - a wand of charming (18)
 Y - a wand of flame (21)
 Z - a wand of quicksilver (3)
Scrolls
 d - 5 scrolls of identify
 i - a scroll of noise {unknown}
 l - 6 scrolls of immolation
 v - 3 scrolls of teleportation
 w - 7 scrolls of fog
 y - 2 scrolls of poison
 E - a scroll of amnesia {unknown}
 F - 3 scrolls of fear
 K - 4 scrolls of blinking
 X - 2 scrolls of magic mapping
Potions
 b - a potion of berserk rage {unknown}
 j - a potion of haste
 m - 2 potions of cancellation {unknown}
 n - a potion of resistance
 r - 3 potions of attraction
 x - 3 potions of flight
 z - a potion of lignification {unknown}
 A - a potion of magic {unknown}
 I - a potion of ambrosia {unknown}
 N - 4 potions of brilliance


   Skills:
 + Level 6.8 Fighting
 - Level 7.1 Short Blades
 - Level 3.2(7.6) Axes
 * Level 10.7(11.0) Maces & Flails
 - Level 1.8 Throwing
 * Level 9.6 Armour
 - Level 2.7 Dodging
 - Level 3.9 Stealth
 * Level 6.6 Spellcasting
 * Level 6.5 Invocations


You had 24 spell levels left.
You didn't know any spells.
Your spell library contained the following spells:

 Spells                   Type           Power      Damage    Failure   Level
 Apportation              Tloc           10%        N/A       90%         1
 Sting                    Tmut/Pois      20%        1d4       90%         1
 Poisonous Vapours        Pois/Air       10%        N/A       97%         2
 Static Discharge         Conj/Air       5%         N/A       97%         2
 Call Canine Familiar     Summ           5%         N/A       99%         3
 Frozen Ramparts          Ice            10%        1d3       99%         3
 Gell's Gravitas          Tloc           5%         N/A       99%         3
 Lesser Beckoning         Tloc           5%         N/A       99%         3
 Portal Projectile        Hex/Tloc       10%        N/A       99%         3
 Teleport Other           Tloc           5%         N/A       99%         3
 Dispel Undead            Necr           5%         3d7       100%        4
 Ice Form                 Ice/Tmut       5%         N/A       100%        4
 Leda's Liquefaction      Hex/Erth       2%         N/A       100%        4
 Olgreb's Toxic Radiance  Pois           5%         N/A       100%        4
 Sticky Flame             Conj/Fire      5%         2d3       100%        4
 Summon Ice Beast         Ice/Summ       5%         N/A       100%        4
 Alistair's Intoxication  Tmut/Pois      3%         N/A       100%        5
 Borgnjor's Vile Clutch   Necr/Erth      2%         N/A       100%        5
 Eringya's Noxious Bog    Tmut/Pois      2%         N/A       100%        6


Dungeon Overview and Level Annotations

Branches:
Dungeon (12/15)            Temple (0/1) D:4            Lair (2/6) D:11
    Orc (0/2) D:12
  Swamp: Lair:2-4    Shoals: Lair:2-4     Snake: Lair:2-4    Spider: Lair:2-4

Altars:
Ashenzari
Elyvilon
Fedhas
Gozag
Hepliaklqana
Kikubaaqudgha
Makhleb
Uskayaw
Wu Jian
Yredelemnul
The Shining One

Shops:
D:4 *((?


Innate Abilities, Weirdness & Mutations

You have a pair of antennae on your head.
You are partially covered in icy blue scales. (AC +2)
You frequently emit foul miasma when damaged in melee.
You are mostly covered in sharp spines.


Message History

Two slime creatures merge to form a very large slime creature.
You impale the very large slime creature!!
The very large slime creature is moderately wounded.
Two slime creatures merge to form an enormous slime creature.
You hit the enormous slime creature.
The enormous slime creature is moderately wounded.
You feel better.
You barely miss the enormous slime creature.
The enormous slime creature is moderately wounded.
The enormous slime creature is struck by your spines.
The enormous slime creature barely misses you.
You sock the enormous slime creature!
The enormous slime creature is moderately wounded.
The enormous slime creature is struck by your spines.
The enormous slime creature hits you!
You emit a cloud of foul miasma!
You puncture the enormous slime creature!
The enormous slime creature is heavily wounded.
The enormous slime creature is engulfed in dark miasma.
The enormous slime creature seems to slow down.
The enormous slime creature is struck by your spines.
The enormous slime creature barely misses you.
You barely miss the enormous slime creature.
The enormous slime creature is heavily wounded.
The enormous slime creature is engulfed in dark miasma.
The enormous slime creature closely misses you.
You sock the enormous slime creature!
The enormous slime creature is heavily wounded.
You hit the enormous slime creature.
The enormous slime creature is heavily wounded.
The enormous slime creature is engulfed in dark miasma.
The enormous slime creature hits you!!!
* * * LOW HITPOINT WARNING * * *
You hit the enormous slime creature.
The enormous slime creature is heavily wounded.
The enormous slime creature is engulfed in dark miasma.
The enormous slime creature seems to slow down.
The enormous slime creature hits you!!!
Ouch! That really hurt!
You die...
Your body rises from the dead as a mindless zombie.

.#.#...###...# ##..#.#..))....
..#...#...#..# #####.##.#..####..
..#..#.....#.###..........)# #..
#####..............#.###.#)# #..
..#..#.....#.##..#....##.).####..
..#...#...#..###.##..............
.#.#...###....##....#####........
#...#..#..#...###...........#.#..
.....###J..#...J@.....###.###.# .
.....#..#....#.##.###.# ..# .
.)...#...#........# ...## .
#...#.#J......##..# ..# ..
.#.#...#......###.# #..
.............## ..# .
#.<........### .(. .......<#.##
.##. #.......#


You could see an enormous slime creature (slow).

Vanquished Creatures
  3 hydras
  A catoblepas (Lair:2)
  A two-headed ogre (D:9)
  Nergalle (Lair:2)
  A deep elf pyromancer (D:12)
  A cyclops (D:11)
  A black mamba (Lair:2)
  A gargoyle (D:11)
  2 cane toads (Lair:1)
  A kobold demonologist (D:12)
  2 komodo dragons
  4 trolls
  Grinder (D:3)
  A slime creature (D:12)
  3 blink frogs
  A wraith (D:10)
  2 vampires (D:11)
  10 yaks
  2 wyverns
  Eustachio (D:4)
  A steam dragon (D:4)
  A vampire mosquito (D:11)
  An acid dragon (D:8)
  A water moccasin (D:8)
  An orc warrior (D:8)
  An ice beast (D:5)
  2 black bears (D:4)
  A sky beast (D:6)
  12 wolves (Lair:2)
  An ogre (D:7)
  3 centaurs
  A kobold brigand (D:12)
  10 bullfrogs
  A gnoll sergeant (D:8)
  6 scorpions
  3 necrophages
  20 wights
  5 killer bees (D:10)
  An electric eel (Lair:2)
  4 howler monkeys
  2 hounds
  A jelly (D:7)
  4 orc priests
  A gnoll shaman (D:7)
  Crazy Yiuf (D:3)
  3 iguanas (D:6)
  8 orc wizards
  Natasha (twice) (D:4)
  Robin (D:3)
  12 gnolls
  6 adders
  3 shadow imps
  2 white imps
  4 worms
  The ghost of DocClef the Sneak, a weakling DrDe (D:4)
  4 dart slugs
  19 orcs
  2 ball pythons
  5 endoplasms
  3 giant cockroaches
  22 goblins
  7 hobgoblins
  2 jackals (D:3)
  7 quokkas
  12 bats
  3 frilled lizards (D:1)
  10 kobolds
263 creatures vanquished.

Vanquished Creatures (collateral kills)
  A two-headed ogre (D:10)
  A gargoyle (D:11)
  3 cane toads
  4 blink frogs
  A vampire (D:9)
  7 yaks
  2 basilisks (Lair:1)
  2 vampire mosquitoes (D:11)
  3 water moccasins (Lair:1)
  A black bear (Lair:1)
  A sky beast (D:7)
  A wolf (Lair:2)
  2 centaurs
  A phantom (D:5)
  2 wights
  A hound (D:4)
  Natasha (D:4)
  An orc wizard (D:4)
  A gnoll (D:4)
  4 orcs
  2 endoplasms (D:4)
  A kobold (D:12)
  2 butterflies (Lair:2)
45 creatures vanquished.

Vanquished Creatures (others)
  A slime creature zombie (D:12)
  A cane toad zombie (Lair:2)
  A wyvern zombie (D:7)
  4 yak zombies
  3 troll zombies
  7 wolf zombies (Lair:2)
  3 bullfrog zombies
  A black bear zombie (D:4)
  A hound zombie (D:4)
  An adder zombie (D:4)
  2 felid zombies (D:4)
  An iguana zombie (D:6)
  A jelly zombie (D:7)
  8 orc zombies
  A spectral shadow imp (D:6)
  7 gnoll zombies
  A ball python zombie (D:4)
  A goblin zombie (D:4)
  4 kobold zombies (D:12)
  A quokka zombie (D:4)
  9 fungi
  16 plants
75 creatures vanquished.

Grand Total: 383 creatures vanquished

Notes
Turn   | Place    | Note
-------+----------+-------------------------------------------
     0 | D:1      | Nietzsche the Demonspawn Gladiator began the quest for the
                  | Orb.
     0 | D:1      | Reached XP level 1. HP: 16/16 MP: 1/1
     4 | D:1      | Noticed an electric eel
   134 | D:1      | Gained mutation: You may rarely emit foul miasma when
                  | damaged in melee. [demonic ancestry]
   134 | D:1      | Reached XP level 2. HP: 22/22 MP: 2/2
   847 | D:1      | Found a faded altar of an unknown god.
   853 | D:1      | Reached skill level 1 in Armour
   859 | D:1      | Reached XP level 3. HP: 28/28 MP: 4/4
  1684 | D:2      | Reached skill level 1 in Spellcasting
  1970 | D:2      | Found a hazy altar of Hepliaklqana.
  1981 | D:2      | Identified the +8 rapier "Ruaguc" {elec, rC- rN+ Will++}
  2036 | D:2      | Identified the +4 helmet of Koukaimi {rN+ Will+ Dex+2}
  2257 | D:2      | Identified the ring of Reil {rPois rF+ AC+4}
  2639 | D:2      | Gained mutation: You are partially covered in sharp spines.
                  | [demonic ancestry]
  2639 | D:2      | Reached XP level 4. HP: 34/34 MP: 5/5
  2971 | D:3      | Noticed Grinder
  2988 | D:3      | Killed Grinder
  2989 | D:3      | Reached skill level 1 in Short Blades
  2989 | D:3      | Reached skill level 1 in Stealth
  2989 | D:3      | Gained mutation: You are mostly covered in sharp spines.
                  | [demonic ancestry]
  2989 | D:3      | Reached XP level 5. HP: 36/40 MP: 5/8
  2989 | D:3      | Reached XP level 6. HP: 41/46 MP: 5/9
  3031 | D:3      | Found an ornate altar of the Wu Jian Council.
  3210 | D:3      | Found a hide-covered altar of Uskayaw.
  3210 | D:3      | Noticed a +0 spear
  3210 | D:3      | Noticed a +0 spear
  3210 | D:3      | Noticed a +0 falchion
  3211 | D:3      | Noticed a +0 dagger
  3211 | D:3      | Noticed a +0 short sword
  3212 | D:3      | Noticed a +0 falchion
  3212 | D:3      | Noticed a +0 dagger
  3213 | D:3      | Noticed a +0 short sword
  3284 | D:3      | Found an opulent altar of Gozag.
  3341 | D:3      | Found a runed translucent door.
  3342 | D:3      | Noticed Crazy Yiuf
  3349 | D:3      | Killed Crazy Yiuf
  3575 | D:3      | Noticed Robin
  3589 | D:3      | Killed Robin
  3712 | D:4      | Found Lurotogi's Weapon Shoppe.
  3720 | D:4      | Found a basalt altar of Yredelemnul.
  3724 | D:4      | Became a worshipper of Yredelemnul the Dark
  3793 | D:4      | Noticed Natasha
  3796 | D:4      | Reached * piety under Yredelemnul
  3799 | D:4      | Killed Natasha
  3827 | D:4      | Found Zaliz's Assorted Antiques.
  3910 | D:4      | Found a transporter.
  3911 | D:4      | Noticed DocClef's ghost (weakling DrDe)
  3911 | D:4      | Noticed a steam dragon
  3912 | D:4      | Found a transporter.
  3937 | D:4      | Noticed Eustachio
  3943 | D:4      | Reached ** piety under Yredelemnul
  3944 | D:4      | Gained mutation: You are partially covered in icy blue
                  | scales. (AC +2) [demonic ancestry]
  3944 | D:4      | Reached XP level 7. HP: 52/52 MP: 10/10
  3947 | D:4      | Killed Eustachio
  3948 | D:4      | Noticed Natasha
  3951 | D:4      | Killed Natasha
  3954 | D:4      | Reached *** piety under Yredelemnul
  3961 | D:4      | Found a staircase to the Ecumenical Temple.
  3963 | D:4      | Noticed Natasha
  3986 | D:4      | Killed Natasha
  3993 | D:4      | Your ally Natasha died
  3999 | D:4      | Found Fofoh's Antique Weapon Shoppe.
  4279 | D:4      | Found Loshiycag's Magic Scroll Boutique.
  4282 | D:4      | Bought a scroll of enchant weapon for 75 gold pieces
  4745 | D:4      | Found an ancient bone altar of Kikubaaqudgha.
  5094 | D:4      | Killed a steam dragon
  5095 | D:4      | Reached skill level 5 in Short Blades
  5095 | D:4      | Gained mutation: You sometimes emit foul miasma when
                  | damaged in melee. [demonic ancestry]
  5095 | D:4      | Reached XP level 8. HP: 58/58 MP: 12/12
  5098 | D:4      | Killed DocClef's ghost
  5116 | D:4      | Your ally Natasha died
  5189 | D:5      | Entered Level 5 of the Dungeon
  5401 | D:5      | Found a broken altar of Ashenzari.
  5570 | D:5      | Found a burning altar of Makhleb.
  5827 | D:6      | Reached XP level 9. HP: 55/65 MP: 12/14
  6244 | D:6      | Reached skill level 1 in Maces & Flails
  6512 | D:7      | Reached skill level 5 in Armour
  6539 | D:7      | Reached skill level 2 in Maces & Flails
  7022 | D:7      | Reached skill level 3 in Maces & Flails
  7048 | D:7      | Reached skill level 4 in Maces & Flails
  7522 | D:8      | Reached skill level 5 in Maces & Flails
  7860 | D:8      | Found a blossoming altar of Fedhas.
  7897 | D:8      | Gained mutation: You have a pair of small antennae on your
                  | head. [demonic ancestry]
  7897 | D:8      | Reached XP level 10. HP: 73/73 MP: 16/16
  8438 | D:8      | Reached skill level 1 in Invocations
  8927 | D:9      | Noticed a two-headed ogre
  8936 | D:9      | Killed a two-headed ogre
  8937 | D:9      | Reached skill level 5 in Fighting
  8937 | D:9      | Reached skill level 6 in Maces & Flails
  9347 | D:9      | Reached skill level 5 in Spellcasting
  9529 | D:10     | Entered Level 10 of the Dungeon
  9539 | D:10     | Reached skill level 7 in Maces & Flails
  9598 | D:10     | Noticed a two-headed ogre
  9603 | D:10     | Killed a two-headed ogre
  9649 | D:10     | Gained mutation: You frequently emit foul miasma when
                  | damaged in melee. [demonic ancestry]
  9649 | D:10     | Reached XP level 11. HP: 81/81 MP: 19/19
  9674 | D:10     | Reached skill level 8 in Maces & Flails
 10733 | D:11     | Found a staircase to the Lair.
 10759 | Lair:1   | Entered Level 1 of the Lair of Beasts
 10780 | Lair:1   | Reached skill level 9 in Maces & Flails
 10971 | Lair:1   | Noticed an eight-headed hydra
 10977 | Lair:1   | Killed an eight-headed hydra
 10978 | Lair:1   | Reached skill level 5 in Invocations
 11025 | Lair:1   | Reached **** piety under Yredelemnul
 11359 | Lair:1   | Reached ***** piety under Yredelemnul
 11437 | Lair:2   | Gained mutation: You have a pair of antennae on your head.
                  | [demonic ancestry]
 11437 | Lair:2   | Reached XP level 12. HP: 35/89 MP: 21/21
 11556 | Lair:2   | Reached skill level 10 in Maces & Flails
 11638 | Lair:2   | Noticed an eight-headed hydra
 11645 | Lair:2   | Killed an eight-headed hydra
 11656 | Lair:2   | Noticed a seven-headed hydra
 11661 | Lair:2   | Noticed a catoblepas
 11662 | Lair:2   | Killed a seven-headed hydra
 11674 | Lair:2   | Killed a catoblepas
 11695 | Lair:2   | Noticed Nergalle
 11706 | Lair:2   | Killed Nergalle
 12222 | D:11     | HP: 4/89 [vampire/vampiric draining (9)]
 12739 | D:12     | Found a staircase to the Orcish Mines.
 12938 | D:12     | Annihilated by an enormous slime creature

Illustrated notes

Levels and vault maps discovered:
D:1:      arrival_aquarium_a, layout_basic, ebering_ecumenical_altar_rust
D:2:      layout_basic, basic_altar, grunt_ministairs_8
D:3:      layout_basic, old_standard_altar, general_overflow_altar,
          nicolae_uskayaw_en_pointe, uniq_grinder, uniq_robin,
          uniq_crazy_yiuf_cottage
D:4:      layout_basic, mainiacjoe_overflow_alcove_1,
          nicolae_kikubaaqudgha_miasma_corner, minmay_temple_entry_sparse_star,
          gammafunk_ghost_arena, serial_shops, shop, kennysheep_mini_moat,
          nicolae_shop_advertising_works [nicolae_subvault_shop_adworks],
          nicolae_square_shop, uniq_natasha, uniq_eustachio
D:5:      layout_gridville, nicolae_ashenzari_skybound,
          mainiacjoe_overflow_surrounded_room
D:6:      layout_basic, chequers_serial_rivers_micro_c
D:7:      wad_crossroads, layout_loops_ring,
          mainiacjoe_overflow_six_doors_small, minmay_holes
D:8:      layout_loops_corners, lemuel_tele_altar
D:9:      layout_stronghold
D:10:     layout_loops_ring
D:11:     layout_cave_pools, david_lair_shrubbed
D:12:     minmay_the_grid_square_5x5_3x3 [minmay_the_grid_square_5x5_longway,
          minmay_the_grid_square_5x5_trominoes,
          minmay_the_grid_square_5x5_two_walls_b, minmay_the_grid_square_5x5_c,
          minmay_the_grid_square_5x5_megaprize_crossed,
          minmay_the_grid_square_5x5_v, minmay_the_grid_square_5x5_mess,
          minmay_the_grid_square_5x5_checkered_statues,
          minmay_the_grid_square_5x5_two], layout_rooms, minmay_splitting_lines,
          serial_bayou_pond_d, uniq_sonja
Lair:1:   layout_cave_shapes, basic_altar, nicolae_lair_lil_pond,
          serial_bayou_shore_b, infiniplex_staircase_pool_2, grunt_megastairs_2
Lair:2:   layout_cave_shapes, grunt_megastairs_1, infiniplex_staircase_pool,
          lemuel_fruit_fields, uniq_nergalle

Skill      XL: |  1  2  3  4  5  6  7  8  9 10 11 12 |
---------------+-------------------------------------+-----
Axes           | 3 |  3.2
Armour         | 1 3 4 5 6 8 9 |  9.6
Spellcasting   | 1 2 3 4 5 6 |  6.6
Short Blades   | 1 3 5 7 |  7.1
Stealth        | 1 2 3 |  3.9
Fighting       | 3 4 5 6 |  6.8
Maces & Flails | 5 7 9 10 | 10.7
Invocations    | 3 5 6 |  6.5
Throwing       | |  1.8
Dodging        | |  2.7

Action                   |  1- 3 |  4- 6 |  7- 9 | 10-12 || total
-------------------------+-------+-------+-------+-------++-------
Melee: War axe           |    70 |       |       |       ||    70
       Rapier            |    23 |    73 |    75 |       ||   171
       Punch             |     1 |       |     3 |     2 ||     6
       Flail             |       |       |   125 |   108 ||   233
       Eveningstar       |       |       |       |   217 ||   217
  Use: Scroll            |       |     5 |     8 |     6 ||    19
       Potion            |       |       |     1 |    11 ||    12
 Stab: Sleeping          |     1 |     3 |     5 |       ||     9
       Distracted        |       |       |     2 |     2 ||     4
Armor: Leather armour    |    32 |    28 |    97 |     2 ||   159
       Chain mail        |       |       |       |   317 ||   317
       Scale mail        |       |       |       |     6 ||     6
Dodge: Dodged            |    51 |    36 |   111 |   147 ||   345

Table legend: (Time is in decaauts)
 A = Elapsed time spent in this place.
 B = Non-inter-level travel time spent in this place.
 C = Inter-level travel time spent in this place.
 D = Time resting spent in this place.
 E = Time spent auto-exploring this place.
 F = Levels seen in this place.
 G = Mean time per level.
                   A        B        C        D        E       F      G
               +--------+--------+--------+--------+--------+-----+--------+
         Total |  13003 |  13003 |      0 |      0 |   9119 |  14 |  928.8 |
       Dungeon |  11588 |  11588 |      0 |      0 |   8263 |  12 |  965.7 |
          Lair |   1415 |   1415 |      0 |      0 |    855 |   2 |  707.5 |
               +--------+--------+--------+--------+--------+-----+--------+

Top non-repeatable levels by time:
     D:1: 1798 daAuts
     D:4: 1482 daAuts
     D:2: 1171 daAuts
     D:8: 1154 daAuts
     D:7: 1009 daAuts
    D:10: 925 daAuts
     D:9: 905 daAuts
     D:6: 796 daAuts
    D:11: 785 daAuts
     D:3: 759 daAuts
  Lair:1: 726 daAuts
  Lair:2: 689 daAuts
     D:5: 494 daAuts
    D:12: 304 daAuts
